 Dungeon Crawl Stone Soup version 0.25-a0-571-gb5e01bddfa (webtiles) character file.

Game seed: 4067426167355917924, levelgen mode: deterministic

6337 Dustman the Spear-Bearer (level 10, -3/123 HPs)
             Began as a Merfolk Skald on Feb 28, 2020.
             Was an Elder of Makhleb.
             Slain by Urug
             ... wielding a +2 demon trident
              (29 damage)
             ... on level 10 of the Dungeon on Feb 29, 2020.
             The game lasted 01:45:31 (7915 turns).

Dustman the Spear-Bearer (Merfolk Skald)            Turns: 7915, Time: 01:45:31

Health: -3/123     AC: 10    Str: 12    XL:     10   Next: 96%
Magic:  4/17       EV: 20    Int: 13    God:    Makhleb [****..]
Gold:   280        SH:  5    Dex: 16    Spells: 12/19 levels left

rFire    . . .     SeeInvis .   g - +1 trident
rCold    . . .     Gourm    .   k - +0 buckler
rNeg     . . .     Faith    .   I - +2 leather armour {rPois}
rPois    +         Spirit   .   (no helmet)
rElec    .         Reflect  .   H - +2 cloak
rCorr    .         Harm     .   o - +0 pair of gloves
MR       .....                  h - +0 pair of boots
Stlth    ..........             y - amulet of regeneration
HPRegen  0.70/turn              n - +1 ring of evasion
MPRegen  0.15/turn              (no ring)

@: berserking (expiring), very quick
A: change form in water, swift swim, stealthy swim
a: Minor Destruction, Lesser Servant of Makhleb, Major Destruction, Renounce
Religion


You were on level 10 of the Dungeon.
You worshipped Makhleb.
Makhleb was greatly pleased with you.
You were hungry.

You visited 1 branch of the dungeon, and saw 10 of its levels.

You collected 530 gold pieces.
You spent 250 gold pieces at shops.

Inventory:

Hand Weapons
 g - a +1 trident (weapon)
Missiles
 i - 2 javelins (quivered)
 v - 11 poisoned darts
 w - 6 atropa-tipped darts
 B - 3 throwing nets
Armour
 h - a +0 pair of boots (worn)
 k - a +0 buckler (worn)
 o - a +0 pair of gloves (worn)
 H - a +2 cloak (worn)
 I - a +2 leather armour of poison resistance (worn)
Jewellery
 b - a cursed amulet of inaccuracy {unknown}
 n - a +1 ring of evasion (left hand)
 y - an amulet of regeneration (around neck)
Wands
 p - a wand of acid (2)
 r - a wand of polymorph (9)
 t - a wand of paralysis (5)
 F - a wand of flame (14)
Scrolls
 a - 2 scrolls of teleportation
 c - a scroll of enchant armour {unknown}
 e - a scroll of noise {unknown}
 l - a scroll of magic mapping {unknown}
 q - a scroll of immolation {unknown}
 u - 2 scrolls of enchant weapon
 x - a scroll of summoning {unknown}
 z - a scroll of blinking {unknown}
 A - a scroll of remove curse {unknown}
Potions
 f - 4 potions of heal wounds
 j - 8 potions of curing
 D - a potion of stabbing {unknown}
 E - a potion of haste {unknown}
 G - a potion of ambrosia {unknown}
Comestibles
 d - 17 rations


   Skills:
 + Level 8.4 Fighting
 + Level 10.8 Polearms
 + Level 3.1 Armour
 + Level 9.9 Dodging
 - Level 1.4 Stealth
 - Level 4.0 Shields
 + Level 5.3 Spellcasting
 - Level 3.6 Charms
 + Level 5.8 Ice Magic


You had 12 spell levels left.
You knew the following spells:

 Your Spells              Type           Power        Failure   Level  Hunger
a - Infusion              Chrm           ##..         4%          1    None
b - Ozocubu's Armour      Chrm/Ice       ###.....     10%         3    ###....
c - Frozen Ramparts       Ice            ###...       6%          3    ###....

Your spell library contained the following spells:

 Spells                   Type           Power        Failure   Level  Hunger
 Freeze                   Ice            ###.         2%          1    None
 Song of Slaying          Chrm           ##......     8%          2    ##.....
 Shroud of Golubria       Chrm/Tloc      #.....       16%         2    ##.....
 Spectral Weapon          Hex/Chrm       #.......     32%         3    ###....
 Confusing Touch          Hex            #.......     56%         3    ###....
 Gell's Gravitas          Tloc           #.........   56%         3    ###....
 Mephitic Cloud           Conj/Pois/Air  #.......     56%         3    ###....
 Spider Form              Tmut/Pois      #.........   56%         3    ###....
 Hailstorm                Conj/Ice       ##......     56%         4    ####...
 Metabolic Englaciation   Hex/Ice        ##........   89%         5    ######.
 Petrify                  Tmut/Erth      #.......     93%         4    ####...
 Yara's Violent Unravell  Hex/Tmut       #.........   100%        5    ######.


Dungeon Overview and Level Annotations

Branches:
Dungeon (10/15)            Temple (0/1) D:7
   Lair: D:8-11         Orc: D:9-12

Altars:
Cheibriados
Elyvilon
Gozag
Kikubaaqudgha
Makhleb
Trog
Uskayaw
The Shining One

Shops:
D:10 [

Annotations:
D:2 Natasha
D:4 Sigmund
D:7 Harold
D:9 Psyche
D:10 Urug


Message History

You closely miss Urug.
Urug is almost dead.
You block Urug's attack.
You closely miss Urug.
Urug is almost dead.
You hit Urug but do no damage.
Urug is almost dead.
You block Urug's attack.
You hit Urug but do no damage.
Urug is almost dead.
You closely miss Urug.
Urug is almost dead.
Urug hits you with a +2 demon trident!
* * * LOW HITPOINT WARNING * * *
You miss Urug.
Urug is almost dead.
You hit Urug but do no damage.
Urug is almost dead.
Urug hits you with a +2 demon trident!!
You die...

####..[.....# #.#
#.<......#### #.# #
#...........# #.###
###.#...#####.###.##.
#.......# #.....#Y.
#.#...#.# #.l..lY..
#>##.##.# #.#######
#.##.o#.#####.#######
#.##@#.T.YYY.........
#.##.##o#.##.########
#.##.####.##.# #.##.#
#.##.# #.##.# #.##.#
#.##.####.##.#
#.##......##..
##.######..#### #..#
#..#


You could see Urug.

Vanquished Creatures
  2 trolls
  3 hippogriffs (D:9)
  13 yaks
  A wyvern (D:9)
  2 orc warriors
  2 ice beasts (D:10)
  A swamp drake (D:6)
  2 sky beasts (D:6)
  A black bear (D:7)
  A necrophage (D:9)
  4 ogres
  2 centaurs
  3 big kobolds
  A wyvern zombie (D:9)
  3 bullfrogs
  A howler monkey (D:7)
  A centaur zombie (D:6)
  2 crimson imps
  2 bullfrog zombies
  2 bullfrog skeletons
  6 hounds
  A centaur skeleton (D:8)
  6 orc priests
  4 jellies
  4 orc wizards
  5 iguanas
  6 worker ants
  2 hound skeletons (D:9)
  10 gnolls
  10 adders
  2 howler monkey skeletons
  3 shadow imps
  3 oozes
  An adder zombie (D:8)
  2 adder skeletons (D:6)
  5 worms
  4 dart slugs
  6 leopard geckos
  25 orcs
  4 giant cockroaches
  17 goblins
  12 hobgoblins
  11 jackals
  3 quokkas
  4 ball pythons
  10 bats
  7 frilled lizards
  20 kobolds
  3 rats
245 creatures vanquished.

Vanquished Creatures (others)
  3 plants
3 creatures vanquished.

Grand Total: 248 creatures vanquished

Notes
Turn   | Place    | Note
-------+----------+-------------------------------------------
     0 | D:1      | Dustman the Merfolk Skald began the quest for the Orb.
     0 | D:1      | Reached XP level 1. HP: 16/16 MP: 3/3
   161 | D:1      | Reached XP level 2. HP: 15/23 MP: 0/5
   550 | D:1      | Reached XP level 3. HP: 28/28 MP: 0/6
   754 | D:2      | Reached skill level 4 in Polearms
   883 | D:2      | Reached XP level 4. HP: 35/35 MP: 2/7
   993 | D:2      | Noticed Natasha
  1254 | D:3      | Reached skill level 1 in Stealth
  1259 | D:3      | Reached XP level 5. HP: 41/41 MP: 1/8
  1379 | D:3      | Identified Heajuf's Volume of Congealing Intoxication
  1650 | D:3      | Reached skill level 5 in Polearms
  1687 | D:3      | Reached skill level 1 in Armour
  1687 | D:3      | Reached XP level 6. HP: 26/48 MP: 2/9
  1818 | D:3      | Reached skill level 1 in Shields
  2388 | D:3      | Reached skill level 5 in Dodging
  2449 | D:3      | Found a faded altar of an unknown god.
  2512 | D:3      | Became a worshipper of Makhleb the Destroyer
  2512 | D:3      | Reached * piety under Makhleb
  2801 | D:4      | Found an ancient bone altar of Kikubaaqudgha.
  2941 | D:4      | Reached XP level 7. HP: 55/55 MP: 7/10
  3017 | D:4      | Noticed Sigmund
  3039 | D:5      | Entered Level 5 of the Dungeon
  3120 | D:5      | Found a burning altar of Makhleb.
  3342 | D:6      | Learned a level 3 spell: Ozocubu's Armour
  3346 | D:6      | Learned a level 3 spell: Frozen Ramparts
  3409 | D:6      | Reached skill level 6 in Polearms
  3485 | D:6      | Found a hide-covered altar of Uskayaw.
  3520 | D:6      | Reached skill level 1 in Ice Magic
  3599 | D:6      | Reached skill level 5 in Fighting
  3599 | D:6      | Reached XP level 8. HP: 38/62 MP: 1/11
  3856 | D:6      | Reached ** piety under Makhleb
  3856 | D:6      | Reached skill level 7 in Polearms
  4048 | D:5      | Found an opulent altar of Gozag.
  4048 | D:5      | Found a snail-covered altar of Cheibriados.
  4049 | D:5      | Found a white marble altar of Elyvilon.
  4710 | D:6      | Noticed a troll
  4849 | D:6      | Killed a troll
  4849 | D:6      | Reached skill level 8 in Polearms
  4849 | D:6      | Reached XP level 9. HP: 42/69 MP: 0/12
  5023 | D:7      | Noticed Harold
  5082 | D:8      | Reached *** piety under Makhleb
  5135 | D:8      | Found a bloodstained altar of Trog.
  5546 | D:7      | Found a staircase to the Ecumenical Temple.
  5814 | D:8      | Reached skill level 9 in Polearms
  6330 | D:9      | Found a glowing golden altar of the Shining One.
  6633 | D:9      | Noticed Psyche
  6876 | D:9      | Reached XP level 10. HP: 67/79 MP: 10/16
  6888 | D:9      | Reached skill level 10 in Polearms
  6930 | D:9      | Reached **** piety under Makhleb
  7148 | D:10     | Entered Level 10 of the Dungeon
  7241 | D:9      | Reached skill level 5 in Ice Magic
  7592 | D:10     | Found Saineust's Antique Armour Emporium.
  7680 | D:10     | Reached skill level 5 in Spellcasting
  7695 | D:10     | Upgraded the game from 0.25-a0-566-g062765be81 to
                  | 0.25-a0-571-gb5e01bddfa
  7695 | D:10     | Bought an embroidered cloak for 150 gold pieces
  7695 | D:10     | Bought a runed leather armour for 100 gold pieces
  7769 | D:10     | Noticed Urug
  7915 | D:10     | Slain by Urug

Levels and vault maps discovered:
D:1:      kennysheep_arrival_seaside, layout_basic
D:2:      layout_basic, uniq_natasha, uniq_jessica
D:3:      minmay_octagon_keep, layout_basic, chequers_ecumenical_altar_island,
          serial_bayou, serial_bayou_shore_b, serial_bayou_ford_a,
          serial_bayou_pond_c, serial_bayou_pond_a
D:4:      layout_cave_pods, kiku_gazebo_pond_becter, first_ration, uniq_sigmund
D:5:      layout_basic, old_standard_altar,
          chequers_temple_overflow_statue_of_worship
D:6:      minmay_chambers_of_fours, layout_loops_cross,
          eat_drink_and_be_merry_uskayaw, minmay_ogre_servants
D:7:      layout_basic, minmay_temple_entry_sparse_star, uniq_harold
D:8:      layout_loops_ring, lemuel_round_altar, blue_anna_alchemist
          [blue_anna_fruit_fields, blue_anna_fruit_fields]
D:9:      layout_gridville, tso_oasis_becter, kennysheep_cross_room, uniq_psyche
D:10:     layout_loops_ring, dpeg_oklobed_lair, serial_shops, shop, laboratory,
          uniq_urug

Skill      XL: |  1  2  3  4  5  6  7  8  9 10 |
---------------+-------------------------------+-----
Dodging        | 3 4 5 6 7 8 9 |  9.9
Polearms       | 4 5 6 8 9 10 | 10.8
Fighting       | 3 4 5 6 7 8 |  8.4
Stealth        | 1 |  1.4
Armour         | 1 3 |  3.1
Shields        | 1 2 4 |  4.0
Ice Magic      | 2 4 5 |  5.8
Spellcasting   | 4 5 |  5.3
Charms         | |  3.6

Action                   |  1- 3 |  4- 6 |  7- 9 | 10-12 || total
-------------------------+-------+-------+-------+-------++-------
Melee: Spear             |   135 |   364 |    90 |       ||   589
       Tailslap          |       |    12 |       |       ||    12
       Trident           |       |       |   392 |   278 ||   670
Throw: Javelin           |       |     1 |     5 |       ||     6
 Cast: Infusion          |     9 |    18 |    35 |    10 ||    72
       Frozen Ramparts   |       |       |     5 |     3 ||     8
       Ozocubu's Armour  |       |       |     3 |     5 ||     8
Evoke: Wand              |       |       |    10 |     7 ||    17
  Use: Scroll            |       |     2 |     3 |     2 ||     7
       Potion            |       |       |     5 |     2 ||     7
 Stab: Sleeping          |     1 |     2 |     5 |     2 ||    10
       Confused          |       |       |     1 |       ||     1
       Paralysed         |       |       |     8 |       ||     8
       Distracted        |       |       |     1 |       ||     1
       Invisible         |       |       |       |     7 ||     7
  Eat: Chunk             |       |     4 |     3 |     2 ||     9
       Ration            |       |     1 |     4 |       ||     5
Armor: Leather armour    |    23 |    36 |    44 |    46 ||   149
       Skin              |       |       |    17 |       ||    17
Dodge: Dodged            |    52 |   165 |   251 |   168 ||   636
Block: Buckler           |       |       |    75 |    74 ||   149

Table legend:
 A = Non-vault XP
 B = Vault XP
 C = Vault XP percentage of total XP
 D = Non-vault monster count
 E = Vault monster count
 F = Vault count percentage of total count
                 A         B        C        D         E       F
            +---------+---------+-------+---------+---------+-------
      Total |    8211 |     842 |   9.3 |     220 |      25 |  10.2
            +---------+---------+-------+---------+---------+-------
        D:1 |      50 |       0 |   0.0 |      28 |       0 |   0.0
        D:2 |      56 |       0 |   0.0 |      17 |       0 |   0.0
        D:3 |     339 |     115 |  25.3 |      45 |      11 |  19.6
        D:4 |     124 |       0 |   0.0 |       8 |       0 |   0.0
        D:5 |     325 |       0 |   0.0 |      10 |       0 |   0.0
        D:6 |     886 |     630 |  41.6 |      24 |      13 |  35.1
        D:7 |     426 |       0 |   0.0 |      11 |       0 |   0.0
        D:8 |    1063 |      97 |   8.4 |      27 |       1 |   3.6
        D:9 |    2847 |       0 |   0.0 |      35 |       0 |   0.0
       D:10 |    2095 |       0 |   0.0 |      15 |       0 |   0.0
            +---------+---------+-------+---------+---------+-------
